 Dungeon Crawl Stone Soup version 0.21.1-1-g345015f (webtiles) character file.

125 Mirai the Skirmisher (level 4, 0/37 HPs)
             Began as a Demonspawn Fighter on Mar 14, 2018.
             Killed from afar by an orc wizard (3 damage)
             ... with a magic dart
             ... on level 3 of the Dungeon.
             The game lasted 00:02:37 (1868 turns).

Mirai the Skirmisher (Demonspawn Fighter)           Turns: 1868, Time: 00:02:38

Health: 0/37       AC:  9    Str: 22    XL:     4   Next: 82%
Magic:  4/4        EV:  7    Int:  9    God:
Gold:   83         SH:  4    Dex: 13    Spells: 3/3 levels left

rFire    . . .     SeeInvis .   a - +0 war axe
rCold    . . .     Gourm    .   j - +0 buckler
rNeg     . . .     Faith    .   o - +0 chain mail
rPois    .         Spirit   .   (helmet restricted)
rElec    .         Reflect  .   (no cloak)
rCorr    .         Harm     .   (no gloves)
MR       +....                  (no boots)
Stlth    ..........             (no amulet)
HPRegen  0.12/turn              t - ring of protection from magic
MPRegen  0.09/turn              (no ring)

@: mighty
A: horns 1, nightstalker 1
a: no special abilities


You were on level 3 of the Dungeon.
You were not hungry.

You visited 1 branch of the dungeon, and saw 3 of its levels.

You collected 83 gold pieces.

Inventory:

Hand Weapons
 a - a +0 war axe (weapon)
Armour
 b - a +0 scale mail
 c - a +0 shield
 j - a +0 buckler (worn)
 o - a +0 chain mail (worn)
Jewellery
 t - a ring of protection from magic (left hand)
Scrolls
 e - 2 scrolls of remove curse {unknown}
 i - 2 scrolls of identify {unknown}
 m - 3 scrolls of teleportation {unknown}
 p - a scroll of fog {unknown}
 r - a scroll of enchant weapon {unknown}
Potions
 g - a potion of degeneration {unknown}
 h - a potion of brilliance {unknown}
 k - a potion of mutation {unknown}
 l - 2 potions of flight {unknown}
 q - 3 potions of curing {unknown}
 s - a potion of haste {unknown}
Comestibles
 f - 3 rations
 n - 3 chunks of flesh


   Skills:
 * Level 4.1 Fighting
 + Level 3.0 Axes
 + Level 3.2 Armour
 + Level 0.5 Dodging
 + Level 2.9 Shields


You had 3 spell levels left.
You didn't know any spells.

Dungeon Overview and Level Annotations

Branches:
Dungeon (3/15)

Altars:
Sif Muna
Vehumet
The Shining One


Innate Abilities, Weirdness & Mutations

You have a pair of small horns on your head.
You are slightly more attuned to the shadows.


Message History

There is a stone staircase leading up here.
A magic dart appears from out of thin air!
The magic dart hits you!
* * * LOW HITPOINT WARNING * * *
Things that are here:
a spear; a gnoll skeleton A magic dart appears from out of thin air!
The magic dart hits you!
* * * LOW HITPOINT WARNING * * *
Things that are here:
a dagger; a robe A magic dart appears from out of thin air!
The magic dart hits you!
A magic dart appears from out of thin air!
The magic dart hits you!
* * * LOW HITPOINT WARNING * * *
You feel very mighty all of a sudden.
A magic dart appears from out of thin air!
The magic dart hits you!
You die...

#. ### ##.#
#.. #... #.#
.. # ..#..#.#
#. .#
....#.####.##
.#
#........>#..#
#@# #..#..#
#.# #.)...#
#{# #.#..# #.#
#.#..#
#)#####....#
#..)<))..♣♣≈♣
#####P))≈♣
♣≈≈♣≈≈≈≈≈P
♣≈≈≈≈≈≈≈≈≈


There were no monsters in sight!

Vanquished Creatures
  An orc wizard (D:3)
  Terence (D:2)
  4 gnolls
  2 leopard geckos
  An orc (D:3)
  6 goblins
  A hobgoblin (D:3)
  4 jackals (D:2)
  4 kobolds
  A quokka (D:2)
  6 frilled lizards
  A rat (D:1)
32 creatures vanquished.

Notes
Turn   | Place    | Note
-------+----------+-------------------------------------------
     0 | D:1      | Mirai the Demonspawn Fighter began the quest for the Orb.
     0 | D:1      | Reached XP level 1. HP: 18/18 MP: 1/1
   458 | D:1      | Gained mutation: You have a pair of small horns on your head. [demonic ancestry]
   458 | D:1      | Reached XP level 2. HP: 23/24 MP: 2/2
   760 | D:2      | Found a glowing golden altar of the Shining One.
   761 | D:2      | Noticed Terence
   762 | D:2      | Found a deep blue altar of Sif Muna.
   770 | D:2      | Killed Terence
   770 | D:2      | Gained mutation: You are slightly more attuned to the shadows. [demonic ancestry]
   770 | D:2      | Reached XP level 3. HP: 20/30 MP: 3/3
   915 | D:2      | Found a radiant altar of Vehumet.
  1440 | D:2      | Reached XP level 4. HP: 10/37 MP: 4/4
  1836 | D:3      | Reached skill level 4 in Fighting
  1868 | D:3      | Killed from afar by an orc wizard

Skill      XL: |  1  2  3  4 |
---------------+-------------+-----
Axes           | 2 3 |  3.0
Armour         | 3 |  3.2
Fighting       | 4 |  4.1
Dodging        | |  0.5
Shields        | |  2.9

Action                   |  1- 3 |  4- 6 || total
-------------------------+-------+-------++-------
Melee: War axe           |    84 |    34 ||   118
       Headbutt          |     8 |     5 ||    13
  Use: Potion            |       |     1 ||     1
  Eat: Chunk             |     2 |     1 ||     3
Armor: Scale mail        |    16 |       ||    16
       Chain mail        |    33 |    15 ||    48
Dodge: Dodged            |    34 |    15 ||    49
Block: Shield            |     9 |       ||     9
       Buckler           |    24 |    11 ||    35
